 Dungeon Crawl Stone Soup version 0.31-a0-750-gfe7b580527 (webtiles) character file.

Game seed: 7064703155636088199

3162 randomguy2701 the Cleaver (level 9, 1/81 HPs)
             Began as a Hill Orc Fighter on Sept 15, 2023.
             Was a Follower of Beogh.
             Quit the game on level 7 of the Dungeon.
             The game lasted 00:07:22 (6972 turns).

randomguy2701 the Cleaver (Hill Orc Fighter)        Turns: 6972, Time: 00:07:23

Health: 1/81       AC: 14    Str: 21    XL:     9   Next: 94%
Magic:  9/9        EV:  6    Int:  8    God:    Beogh [*.....]
Gold:   304        SH:  5    Dex: 12    Spells: 8/8 levels left

rFire   . . .        a - +0 war axe
rCold   . . .        c - +0 buckler
rNeg    . . .        k - +0 plate armour
rPois   .            b - +1 hat
rElec   .            (no cloak)
rCorr   .            (no gloves)
SInv    .            (no boots)
Will    .....        h - amulet of the acrobat Stlth
                     (no ring)
HPRegen 0.33/turn    (no ring)
MPRegen 0.11/turn

%: acrobat
@: lethally poisoned (1 -> -6)
A: no striking features
a: Renounce Religion


You were on level 7 of the Dungeon.
You worshipped Beogh.
Beogh was aware of your devotion.
You visited 1 branch of the dungeon, and saw 7 of its levels.

You collected 304 gold pieces.

Inventory:

Hand Weapons
 a - a +0 war axe (weapon)
Armour
 b - a +1 hat (worn)
 c - a +0 buckler (worn)
 k - a +0 plate armour (worn)
Jewellery
 h - an amulet of the acrobat (around neck)
Wands
 e - a wand of digging (7)
 o - a wand of paralysis (4)
Scrolls
 f - 10 scrolls of identify {unknown}
 g - 2 scrolls of torment {unknown}
 i - a scroll of butterflies {unknown}
 j - 3 scrolls of vulnerability {unknown}
 l - 4 scrolls of teleportation {unknown}
 n - a scroll of brand weapon {unknown}
 p - a scroll of noise {unknown}
 r - a scroll of fog {unknown}
 u - a scroll of enchant weapon {unknown}
Potions
 d - 2 potions of might
 q - a potion of enlightenment
 s - a potion of invisibility


   Skills:
 + Level 8.2 Fighting
 + Level 11.8 Axes
 + Level 7.4 Armour
 + Level 1.4 Dodging
 + Level 2.2 Stealth
 + Level 5.6 Shields


You had 8 spell levels left.
You didn't know any spells.
Your spell library contained the following spells:

 Spells                   Type           Power      Damage    Failure   Level
 Stone Arrow              Conj/Erth      0%         3d7       100%        3
 Animate Armour           Summ/Erth      0%         N/A       100%        4
 Lehudib's Crystal Spear  Conj/Erth      0%         10d2      100%        8


Dungeon Overview and Level Annotations

Branches:
Dungeon (7/15)             Temple (0/1) D:7

Altars:
Dithmenos
Makhleb
Trog
Vehumet
Xom
Zin

Annotations:
D:6 4 transporters, Dittersdorf's ghost, novice GrFi


Message History

The killer bee barely misses you.
You hit the killer bee.
You kill the killer bee!
Beogh accepts your kill.
You closely miss the killer bee. You barely miss the killer bee.
You feel sick. The killer bee closely misses you.
You block the killer bee's attack.
Unknown command.
You miss the killer bee.
The killer bee is severely wounded.
You barely miss the killer bee. x2; You feel sick.
The killer bee closely misses you. The killer bee stings you!
* * * LOW HITPOINT WARNING * * *
You are lethally poisoned!
The killer bee poisons you!
The killer bee stings you but does no damage. x2
The killer bee barely misses you. The killer bee stings you.
* * * LOW HITPOINT WARNING * * *
You completely miss the killer bee.
The killer bee is severely wounded.
You hit the killer bee. You barely miss the killer bee.
* * * LOW HITPOINT WARNING * * *
You feel very sick. You block the killer bee's attack.
The killer bee stings you but does no damage. x5
It was a potion of haste.
You feel yourself speed up.
* * * LOW HITPOINT WARNING * * *
You feel very sick. The killer bee barely misses you.
The killer bee stings you but does no damage.
You block the killer bee's attack. The killer bee barely misses you.
The killer bee stings you but does no damage. x2
It was a potion of cancellation.
Your magical effects are unravelling.
You feel magically purged.
You feel yourself slow down.
* * * LOW HITPOINT WARNING * * *
You feel sick. The killer bee stings you.
* * * LOW HITPOINT WARNING * * *
The killer bee stings you but does no damage. x3
Are you sure you want to abandon this character and quit the game? (Confirm with "yes".)

.....# #######
######.....# #.....#
#..........# #.....#
#..........# #.....#
#..........# #.....#
#..........# #.....#
#..........#
###.....#####..y@y.....#
..............##y##+####
..............#yy......#
..............#........#
..............#........#
..............###.....##
.########.......#.......
#......#.......#......#
#......#.......#......+


You could see 5 killer bees.

Vanquished Creatures
  A deep elf zephyrmancer (D:6)
  6 yaks
  A steam dragon (D:4)
  An ice beast (D:6)
  A black bear (D:6)
  2 ogres
  2 centaurs
  A phantom (D:6)
  3 kobold brigands
  2 scorpions
  5 killer bees
  A howler monkey (D:5)
  7 hounds
  An orc priest (D:6)
  An iguana (D:5)
  2 sleepcaps
  2 orc wizards
  4 gnolls (D:7)
  10 adders
  A worm (D:4)
  A dart slug (D:1)
  11 orcs
  3 endoplasms
  3 giant cockroaches
  10 hobgoblins
  7 jackals
  2 quokkas
  5 ball pythons
  A bat (D:2)
  3 frilled lizards
  24 kobolds
  5 rats
129 creatures vanquished.

Notes
Turn   | Place    | Note
-------+----------+-------------------------------------------
     0 | D:1      | randomguy2701 the Hill Orc Fighter began the quest for the
                  | Orb.
     0 | D:1      | Reached XP level 1. HP: 19/19 MP: 1/1
   207 | D:1      | Reached XP level 2. HP: 21/27 MP: 2/2
   766 | D:2      | Found a faded altar of an unknown god.
   781 | D:2      | Reached skill level 3 in Axes
   830 | D:2      | Reached XP level 3. HP: 31/33 MP: 3/3
  1553 | D:3      | Found a burning altar of Makhleb.
  1553 | D:3      | Found a bloodstained altar of Trog.
  1598 | D:3      | Noticed a centaur
  1604 | D:3      | Killed a centaur
  1605 | D:3      | Reached skill level 4 in Axes
  1605 | D:3      | Reached XP level 4. HP: 34/40 MP: 4/4
  1605 | D:3      | Reached XP level 5. HP: 39/46 MP: 5/5
  2116 | D:4      | Noticed a steam dragon
  2123 | D:4      | Killed a steam dragon
  2124 | D:4      | Reached skill level 5 in Axes
  2124 | D:4      | Reached skill level 1 in Dodging
  2124 | D:4      | Reached XP level 6. HP: 5/53 MP: 6/6
  2127 | D:4      | HP: 1/53 [hound (2)]
  2140 | D:4      | HP: 2/79 [hound (4)]
  2877 | D:4      | Found a glowing silver altar of Zin.
  3437 | D:5      | Entered Level 5 of the Dungeon
  3479 | D:5      | Reached skill level 6 in Axes
  3541 | D:5      | Reached skill level 5 in Fighting
  3541 | D:5      | Reached XP level 7. HP: 58/61 MP: 7/7
  3594 | D:5      | Found a shadowy altar of Dithmenos.
  3684 | D:5      | Reached skill level 7 in Axes
  3684 | D:5      | Reached skill level 5 in Armour
  4152 | D:5      | Became a worshipper of Beogh the Brigand
  4484 | D:6      | Reached skill level 8 in Axes
  4484 | D:6      | Reached XP level 8. HP: 62/70 MP: 8/8
  4548 | D:6      | Identified the +3 mace of Regicide {drain, +Blink rF- rC+}
  4732 | D:6      | Found a transporter.
  4732 | D:6      | Noticed a cyclops
  4734 | D:6      | Found a radiant altar of Vehumet.
  4746 | D:6      | Noticed a two-headed ogre
  4756 | D:6      | Found a transporter.
  4832 | D:5      | Reached skill level 1 in Stealth
  5077 | D:6      | Reached skill level 9 in Axes
  5173 | D:6      | Noticed a deep elf zephyrmancer
  5182 | D:6      | Killed a deep elf zephyrmancer
  5183 | D:6      | Reached skill level 10 in Axes
  5183 | D:6      | Reached skill level 5 in Shields
  5183 | D:6      | Reached XP level 9. HP: 76/78 MP: 9/9
  5241 | D:6      | Found a transporter.
  5290 | D:6      | Noticed Dittersdorf's ghost (novice GrFi)
  5291 | D:6      | Found a transporter.
  5320 | D:6      | Found a shimmering altar of Xom.
  6033 | D:6      | Reached * piety under Beogh
  6359 | D:6      | Reached skill level 11 in Axes
  6879 | D:7      | Found a staircase to the Ecumenical Temple.
  6971 | D:7      | HP: 1/81 [killer bee (5)]
  6972 | D:7      | Quit the game

Illustrated notes

Levels and vault maps discovered:
D:1:      dpeg_arrival_houses_and_road, layout_loops_ring
D:2:      layout_basic, hellmonk_ecumenical_altar_pennies_from_heaven
D:3:      layout_rooms, gammafunk_temple_overflow_pools
D:4:      layout_basic, zin_statuary, minmay_bent
D:5:      layout_loops_ring, lemuel_tele_altar
D:6:      layout_cave_pods, mainiacjoe_overflow_alcove_2,
          gammafunk_temple_overflow_arena, gammafunk_ghost_arena,
          guppyfry_early_elven_hall
D:7:      layout_gridville, nicolae_sif_muna_condensation,
          minmay_temple_entry_antechambers

Skill      XL: |  1  2  3  4  5  6  7  8  9 |
---------------+----------------------------+-----
Fighting       | 4 5 6 8 |  8.2
Axes           | 3 4 5 6 8 10 11 | 11.8
Armour         | 4 5 6 7 |  7.4
Dodging        | 1 |  1.4
Shields        | 4 5 |  5.6
Stealth        | 1 2 |  2.2

Action                     |  1- 3 |  4- 6 |  7- 9 || total
---------------------------+-------+-------+-------++-------
  Melee: War axe           |    77 |   151 |   317 ||   545
 Invoke: Convert to Beogh  |       |       |     1 ||     1
  Evoke: Wand              |       |       |     1 ||     1
    Use: Potion            |       |     2 |     6 ||     8
   Stab: Invisible         |       |       |     2 ||     2
         Paralysed         |       |       |     5 ||     5
 Armour: Scale mail        |    70 |    46 |       ||   116
         Plate armour      |       |    58 |   368 ||   426
         Skin              |       |    21 |       ||    21
  Dodge: Dodged            |    49 |    51 |   161 ||   261
  Block: Buckler           |    15 |    33 |    91 ||   139

Table legend: (Time is in decaauts)
 A = Elapsed time spent in this place.
 B = Non-inter-level travel time spent in this place.
 C = Inter-level travel time spent in this place.
 D = Time resting spent in this place.
 E = Time spent auto-exploring this place.
 F = Levels seen in this place.
 G = Mean time per level.
                   A        B        C        D        E       F      G
               +--------+--------+--------+--------+--------+-----+--------+
         Total |   7068 |   6784 |    284 |    482 |   5115 |   7 | 1009.7 |
       Dungeon |   7068 |   6784 |    284 |    482 |   5115 |   7 | 1009.7 |
               +--------+--------+--------+--------+--------+-----+--------+

Top non-repeatable levels by time:
     D:5: 1780 daAuts
     D:6: 1445 daAuts
     D:4: 1416 daAuts
     D:1: 776 daAuts
     D:2: 748 daAuts
     D:3: 561 daAuts
     D:7: 339 daAuts
